 Dungeon Crawl Stone Soup version 0.31-a0-112-gdf0485fa37 (webtiles) character file.

Game seed: 5945062660006691243

2088 pokeman the Thaumaturge (level 9, -9/48 HPs)
             Began as a Deep Elf Hedge Wizard on May 28, 2023.
             Was an Initiate of Vehumet.
             Mangled by a shock serpent (11 damage)
             ... in a bailey.
             The game lasted 00:14:21 (7036 turns).

pokeman the Thaumaturge (Deep Elf Hedge Wizard)     Turns: 7036, Time: 00:14:21

Health: -9/48      AC:  8    Str:  7    XL:     9   Next: 6%
Magic:  14/25      EV: 13    Int: 30    God:    Vehumet [......]
Gold:   715        SH:  0    Dex: 14    Spells: 17/29 levels left

rFire   . . .        l - +0 dagger (drain)
rCold   . . .        (no shield)
rNeg    + . .        q - +2 robe {rN+}
rPois   .            c - +0 hat
rElec   .            (no cloak)
rCorr   .            (no gloves)
SInv    .            (no boots)
Will    .....        (no amulet)
Stlth   ++           y - +6 ring of intelligence
HPRegen 0.28/turn    v - +4 ring of protection
MPRegen 0.19/turn

%: no passive effects
@: no status effects
A: no striking features
a: Renounce Religion


You were in a bailey.
You worshipped Vehumet.
Vehumet was noncommittal.
You visited 2 branches of the dungeon, and saw 8 of its levels.
You also visited: Bailey.

You collected 715 gold pieces.

Inventory:

Hand Weapons
 l - a +0 dagger of draining (weapon)
Armour
 c - a +0 hat (worn)
 q - a +2 robe of positive energy (worn)
 w - a +0 pair of boots
Magical Staves
 C - a staff of death
Jewellery
 j - a ring of protection from cold
 v - a +4 ring of protection (right hand)
 y - a +6 ring of intelligence (left hand)
Wands
 t - a wand of polymorph (12)
 u - a wand of digging (1)
Scrolls
 e - 2 scrolls of teleportation {unknown}
 f - a scroll of brand weapon {unknown}
 i - 4 scrolls of noise {unknown}
 k - 3 scrolls of fear {unknown}
 n - 2 scrolls of vulnerability {unknown}
 o - 3 scrolls of blinking {unknown}
 r - a scroll of butterflies {unknown}
 s - 2 scrolls of identify {unknown}
 x - a scroll of immolation {unknown}
 A - a scroll of poison {unknown}
 B - a scroll of fog {unknown}
 D - a scroll of enchant armour {unknown}
Potions
 a - a potion of heal wounds {unknown}
 b - a potion of berserk rage {unknown}
 d - a potion of magic
 g - 2 potions of lignification {unknown}
 h - 2 potions of brilliance {unknown}
 m - 3 potions of curing {unknown}
 p - 2 potions of attraction {unknown}
 z - a potion of enlightenment {unknown}


   Skills:
 + Level 2.2 Fighting
 - Level 3.0 Armour
 - Level 3.2 Dodging
 - Level 3.2 Stealth
 * Level 10.6 Spellcasting
 + Level 5.7 Conjurations
 + Level 4.8 Summonings
 + Level 1.8 Necromancy
 - Level 1.1 Translocations
 - Level 1.0 Air Magic
 - Level 1.2 Poison Magic
 - Level 1.0 Evocations


You had 17 spell levels left.
You knew the following spells:

 Your Spells              Type           Power      Damage    Failure   Level
a - Magic Dart            Conj           100%       1d8       1%          1
b - Mephitic Cloud        Conj/Pois/Air  32%        N/A       3%          3
c - Call Imp              Summ           88%        N/A       1%          2
d - Blink                 Tloc           44%        N/A       3%          2
e - Iskenderun's Mystic   Conj/Tloc      36%        2d9       9%          4

Your spell library contained the following spells:

 Spells                   Type           Power      Damage    Failure   Level
 Momentum Strike          Conj/Tloc      72%        3d10      1%          2
 Cigotuvi's Dreadful Rot  Necr/Pois/Air  48%        N/A       2%          2
 Slow                     Hex            60%        N/A       3%          1
 Lesser Beckoning         Tloc           44%        N/A       3%          2
 Volatile Blastmotes      Fire/Tloc      38%        2d13      8%          3
 Fulminant Prism          Conj/Hex       16%        3d10      10%         4
 Lee's Rapid Deconstruct  Erth           7%         3d7*      67%         5


Dungeon Overview and Level Annotations

Branches:
Dungeon (7/15)             Temple (1/1) D:5          Bailey (1/1)

Altars:
Ashenzari
Dithmenos
Elyvilon
Fedhas
Gozag
Hepliaklqana
Kikubaaqudgha
Makhleb
Nemelex Xobeh
Okawaru
Qazlal
Ru
Uskayaw
Vehumet
Wu Jian
Xom
The Shining One

Shops:
D:7 *


Message History

Casting: Call Imp (safe; 1% risk of failure)
Confirm with . or Enter, or press ? or * to list all spells.
You blink.
Unknown command.
Casting: Blink (safe; 3% risk of failure)
Confirm with . or Enter, or press ? or * to list all spells.
Aiming: Mephitic Cloud (dangerous; 3% risk of failure)
Press: ? - help, Shift-Dir - straight line, f/p - shock serpent
Aim: a shock serpent (chance to affect: 53%)
The ball explodes into a vile cloud!
The stinking cloud engulfs the shock serpent but does no damage.
You hear a shout!
The shock serpent is engulfed in noxious fumes.
The shock serpent appears confused.
An orc warrior comes into view. It is wielding a +0 war axe.
Unknown command.
You feel stable enough to blink again.
The shock serpent splashes around in the water.
Things that are here:
a boomerang; a kobold skeleton You hit the shock serpent.
You drain the shock serpent.
The shock serpent is lightly wounded.
The shock serpent bites you but does no damage.
The shock serpent bites itself!
You barely miss the shock serpent.
The shock serpent is lightly wounded.
The orc warrior throws a stone.
The stone hits you!
* * * LOW HITPOINT WARNING * * *
Unknown command.
Casting: Mephitic Cloud (dangerous; 3% risk of failure)
Confirm with . or Enter, or press ? or * to list all spells.
Aiming: Mephitic Cloud (dangerous; 3% risk of failure)
Press: ? - help, Shift-Dir - straight line, p - shock serpent
Okay, then.
Unknown command.
Unknown command.
The shock serpent seems less confused.
The shock serpent attacks as you move away!
The shock serpent bites you!
You die...

#.).)...# #....)..#
##.)∩..## ##''(##
#)..# #)..# #...#
####(..####
##~.@.....~##
#####~~S(..(..~~#####
#...)~~((...(.~~....#
#.###~~.......~~###.#
#....~~.......~~....#
#.###~~.......~~###.#
#....~~..o....~~....#
#.###~~.......~~###.#
#....~~.......~~....#


You could see a shock serpent (drained) and an orc warrior.

Vanquished Creatures
  Edmund (D:5)
  An orc warrior (Bailey)
  An ice beast (D:3)
  2 black bears
  2 ogres (D:5)
  2 centaurs
  2 phantoms (D:6)
  5 kobold brigands (Bailey)
  5 scorpions
  A howler monkey (D:4)
  3 hounds
  An orc priest (D:6)
  A sleepcap (D:5)
  2 iguanas
  An orc wizard (D:6)
  8 adders
  6 gnolls (D:4)
  A white imp (D:5)
  3 dart slugs
  9 orcs
  2 bats
  A bat skeleton (D:2)
  8 endoplasms
  3 giant cockroaches
  12 hobgoblins
  4 jackals (D:3)
  17 kobolds
  2 quokkas
  7 ball pythons
  6 frilled lizards
  2 giant cockroach zombies (D:2)
  8 goblins
  A jackal skeleton (D:2)
  A quokka skeleton (D:2)
  5 rats
136 creatures vanquished.

Notes
Turn   | Place    | Note
-------+----------+-------------------------------------------
     0 | D:1      | pokeman the Deep Elf Hedge Wizard began the quest for the
                  | Orb.
     0 | D:1      | Reached XP level 1. HP: 10/10 MP: 7/7
   244 | D:1      | Reached XP level 2. HP: 14/16 MP: 6/9
   772 | D:1      | Reached skill level 5 in Spellcasting
  1158 | D:2      | Reached XP level 3. HP: 20/20 MP: 9/11
  1162 | D:2      | Learned a level 3 spell: Mephitic Cloud
  1165 | D:2      | Learned a level 2 spell: Call Imp
  1168 | D:2      | Learned a level 2 spell: Blink
  1689 | D:2      | Reached skill level 1 in Armour
  2098 | D:2      | Reached skill level 1 in Fighting
  2283 | D:3      | Reached XP level 4. HP: 25/25 MP: 3/13
  2475 | D:3      | Noticed an ice beast
  2640 | D:3      | Killed an ice beast
  2641 | D:3      | Reached skill level 6 in Spellcasting
  2641 | D:3      | Reached XP level 5. HP: 11/29 MP: 2/15
  3545 | D:4      | Reached skill level 1 in Air Magic
  3545 | D:4      | Reached skill level 1 in Poison Magic
  3545 | D:4      | Reached XP level 6. HP: 32/34 MP: 8/17
  3812 | D:4      | Reached skill level 7 in Spellcasting
  3984 | D:4      | Found an opulent altar of Gozag.
  3986 | D:4      | Found a shimmering altar of Xom.
  4300 | D:4      | Identified the +0 ring mail of Kleptomania {-Cast Str+4}
  4485 | D:4      | Reached XP level 7. HP: 38/38 MP: 17/20
  4675 | D:5      | Entered Level 5 of the Dungeon
  4771 | D:5      | Reached skill level 8 in Spellcasting
  4771 | D:5      | Reached skill level 1 in Evocations
  4895 | D:5      | Found a staircase to the Ecumenical Temple.
  4901 | Temple   | Entered the Ecumenical Temple
  4907 | Temple   | Learned a level 4 spell: Iskenderun's Mystic Blast
  5347 | D:5      | Noticed Edmund
  5365 | D:5      | Killed Edmund
  5366 | D:5      | Reached XP level 8. HP: 42/44 MP: 17/22
  5470 | D:5      | Reached skill level 9 in Spellcasting
  5867 | D:6      | Reached skill level 5 in Conjurations
  6110 | D:6      | Found a radiant altar of Vehumet.
  6124 | D:6      | Became a worshipper of Vehumet
  6187 | D:6      | Reached skill level 10 in Spellcasting
  6305 | D:6      | Found a shadowy altar of Dithmenos.
  6565 | D:7      | Found Digos's General Store.
  6629 | D:7      | Found a flagged portal.
  6641 | Bailey   | Entered a bailey
  6765 | Bailey   | Reached skill level 1 in Necromancy
  6850 | Bailey   | Reached XP level 9. HP: 35/48 MP: 23/25
  6945 | Bailey   | Noticed an orc knight
  7028 | Bailey   | an orc knight changed into a shock serpent
  7028 | Bailey   | Noticed a shock serpent
  7033 | Bailey   | HP: 2/48 [orc warrior/stone (7)]
  7036 | Bailey   | Mangled by a shock serpent

Illustrated notes

Levels and vault maps discovered:
D:1:      erik_arrival_orb_chamber, layout_rooms, chequers_decorated_corner,
          hex_tiny, hex_medium
D:2:      layout_basic, serial_undead, serial_undead_e, serial_undead_c,
          serial_undead_f, serial_undead_f
D:3:      layout_rooms, minmay_snake_closets
D:4:      layout_loops_corners, jmf_multi_god_temple
D:5:      layout_cave_pools, minmay_temple_entry_offerings, uniq_edmund
D:6:      layout_rooms, lemuel_tele_altar, mainiacjoe_overflow_alcove_4
D:7:      layout_layer_cave, serial_shops, nicolae_shop_real_fake_doors,
          enter_bailey_4
Temple:   dshaligram_water_room_temple
Bailey:   bailey_axe_3, bailey

Skill      XL: |  1  2  3  4  5  6  7  8 |
---------------+-------------------------+-----
Spellcasting   | 5 6 7 8 10 | 10.6
Armour         | 1 3 |  3.0
Fighting       | 1 2 |  2.2
Conjurations   | 2 3 4 5 |  5.7
Dodging        | 3 |  3.2
Stealth        | 3 |  3.2
Air Magic      | 1 |  1.0
Poison Magic   | 1 |  1.2
Summonings     | 2 3 4 |  4.8
Evocations     | 1 |  1.0
Necromancy     | 1 |  1.8
Translocations | |  1.1

Action                     |  1- 3 |  4- 6 |  7- 9 || total
---------------------------+-------+-------+-------++-------
  Melee: Dagger            |    10 |    84 |   112 ||   206
         Punch             |       |     1 |     5 ||     6
   Cast: Magic Dart        |   127 |   102 |    99 ||   328
         Call Imp          |       |     2 |     2 ||     4
         Blink             |       |     1 |     1 ||     2
         Mephitic Cloud    |       |    10 |    17 ||    27
         Iskenderun's Myst |       |       |     5 ||     5
  Evoke: Wand              |       |       |     2 ||     2
   Stab: Sleeping          |     1 |     1 |       ||     2
         Confused          |       |     4 |    12 ||    16
 Armour: Robe              |     2 |    12 |    22 ||    36
  Dodge: Dodged            |    15 |    62 |    64 ||   141

Table legend: (Time is in decaauts)
 A = Elapsed time spent in this place.
 B = Non-inter-level travel time spent in this place.
 C = Inter-level travel time spent in this place.
 D = Time resting spent in this place.
 E = Time spent auto-exploring this place.
 F = Levels seen in this place.
 G = Mean time per level.
                   A        B        C        D        E       F      G
               +--------+--------+--------+--------+--------+-----+--------+
         Total |   7039 |   6828 |    211 |    115 |   5463 |   9 |  782.1 |
       Dungeon |   6501 |   6312 |    189 |    107 |   5194 |   7 |  928.7 |
        Temple |    137 |    115 |     22 |      0 |    100 |   1 |  137.0 |
        Bailey |    400 |    400 |      0 |      8 |    169 |   1 |  400.0 |
               +--------+--------+--------+--------+--------+-----+--------+

Top non-repeatable levels by time:
     D:4: 1260 daAuts
     D:2: 1169 daAuts
     D:3: 1138 daAuts
     D:1: 1105 daAuts
     D:5: 874 daAuts
     D:6: 835 daAuts
  Bailey: 400 daAuts
  Temple: 137 daAuts
     D:7: 117 daAuts
